[Event "Polish Youth Ekstraliga 2022"]
[Site "Lublin"]
[Date "2022.06.28"]
[Round "4.21"]
[White "Przybylski, Jan"]
[Black "Raczek, Krzysztof"]
[Result "0-1"]
[ECO "B43"]
[WhiteElo "1694"]
[BlackElo "2114"]
[Annotator "RC"]
[PlyCount "60"]
[EventDate "2022.06.24"]
[EventType "team-tourn"]
[EventCountry "POL"]
[SourceTitle "playchess.com"]
[Source "ChessBase"]
[SourceQuality "1"]
[TimeControl "40/5400+30:1800+30"]

1. e4 c5 2. Nf3 e6 3. d4 cxd4 4. Nxd4 a6 5. Nc3 b5 6. Bd3 Qb6 7. Nb3 Qc7 8. O-O Bb7 9. f4 b4 10. Ne2 Nf6 11. Ng3 Qb6+ 12. Kh1 h5 13. Qf3 h4 14. Ne2 h3 15. Be3 Qc7 16. c4 hxg2+ 17. Qxg2 d6 18. Rac1 Nbd7 19. Ned4 Nc5 20. Nxc5 dxc5 21. Nb3 O-O-O 22. Bc2 Rh4 23. Nd2 Bd6 24. Qg3 Rdh8 25. Rce1 g5 26. Qxg5 Rxh2+ 27. Kg1 R2h6 28. e5 Rh1+ 29. Kf2 R8h2+ 30. Kg3 Rg2# 0-1

[Event "Polish Youth Ekstraliga 2022"]
[Site "Lublin"]
[Date "2022.06.28"]
[Round "4.22"]
[White "Grzebieniowski, Michal"]
[Black "Terkiewicz, Bruno"]
[Result "1-0"]
[ECO "E16"]
[WhiteElo "1635"]
[BlackElo "1320"]
[Annotator "NA RC"]
[PlyCount "85"]
[EventDate "2022.06.24"]
[EventType "team-tourn"]
[EventCountry "POL"]
[SourceTitle "playchess.com"]
[Source "ChessBase"]
[SourceQuality "1"]
[TimeControl "40/5400+30:1800+30"]

1. d4 Nf6 2. c4 e6 3. Nf3 Bb4+ 4. Bd2 Qe7 5. Nc3 Nc6 6. g3 O-O 7. Bg2 d6 8. Qc2 a5 9. O-O e5 10. a3 Bxc3 11. Bxc3 a4 12. e3 Re8 13. Nd2 Bd7 14. Kh1 h6 15. Rae1 exd4 16. exd4 Qxe1 17. Rxe1 Rxe1+ 18. Nf1 Ree8 19. h3 Na5 20. Ne3 Nc6 21. Kh2 Nd8 22. Qd3 Rb8 23. d5 b6 24. Qd4 Nb7 25. Qh4 Nh7 26. Ng4 Bxg4 27. Qxg4 f6 28. Qd7 Rbc8 29. Qxa4 Nc5 30. Qc2 Ng5 31. Qg6 Nge4 32. Bd4 Kf8 33. b4 Ra8 34. bxc5 bxc5 35. Be3 Ng5 36. h4 Nf7 37. Bh3 Rxa3 38. Be6 Ne5 39. Qh7 Rea8 40. Qg8+ Ke7 41. Qxg7+ Ke8 42. Bxh6 Nf3+ 43. Kg2 1-0

[Event "Polish Youth Ekstraliga 2022"]
[Site "Lublin"]
[Date "2022.06.28"]
[Round "4.23"]
[White "Bukala, Weronika"]
[Black "Siekanska, Maria"]
[Result "1-0"]
[ECO "B50"]
[WhiteElo "1827"]
[BlackElo "1964"]
[Annotator "NA RC"]
[PlyCount "121"]
[EventDate "2022.06.24"]
[EventType "team-tourn"]
[EventCountry "POL"]
[SourceTitle "playchess.com"]
[Source "ChessBase"]
[SourceQuality "1"]
[TimeControl "40/5400+30:1800+30"]

1. e4 c5 2. Nf3 d6 3. c3 Nf6 4. h3 e6 5. Bd3 Be7 6. O-O O-O 7. Bc2 b6 8. d4 Bb7 9. Re1 Nbd7 10. e5 Nd5 ({But not} 10... dxe5 11. dxe5 Ne8 12. Qe2 $16 (12. Qd3 f5 $16)) 11. a3 cxd4 12. cxd4 Rc8 13. Bd2 Qc7 14. Nc3 dxe5 15. dxe5 Rfd8 16. Qe2 Nxc3 17. Bxc3 Nc5 18. Nd4 Qd7 19. Rad1 Na4 ({Resist} 19... Qd5 20. f4 $16) (19... Ba6 $11 20. Qe3 (20. Qh5 g6 $11) 20... Qe8) 20. Qg4 Nxc3 21. bxc3 Qc7 22. Rd3 Bf8 23. Red1 Ba6 ({Resist} 23... Qxe5 {[#]} 24. Nc6 $1 Bxc6 25. Rxd8 $16) 24. Re3 Bc4 25. Qe4 g6 26. h4 Bxa3 27. h5 Bf8 28. Qh4 a5 29. Rh3 Bg7 30. hxg6 hxg6 31. Bxg6 Bd5 32. Bh7+ Kf8 33. Re1 $16 (33. f4 $18 {is more deadly.}) 33... Bxe5 34. Ree3 Bf4 35. Rhg3 Bxg3 36. Rxg3 Ke8 37. Bd3 Bc4 38. Bc2 b5 39. Be4 Rxd4 40. cxd4 a4 41. Qf6 Qxg3 42. fxg3 a3 43. d5 Bxd5 44. Bxd5 exd5 45. Qe5+ Kd7 46. Qxd5+ Ke8 47. Qxb5+ Kf8 48. Qb4+ Ke8 49. Qxa3 Rd8 50. Kf2 Rd7 51. Kf3 Re7 52. Kf4 Re6 53. Kf5 Rg6 54. Qa8+ Ke7 55. Qb7+ Kf8 56. Qb2 Kg8 57. g4 Re6 58. g5 Rg6 59. Qf6 Rg7 60. g6 fxg6+ 61. Qxg6 1-0

[Event "Polish Youth Ekstraliga 2022"]
[Site "Lublin"]
[Date "2022.06.28"]
[Round "4.25"]
[White "Poltorak, Sebastian"]
[Black "Baum, Jonasz"]
[Result "1/2-1/2"]
[ECO "A00"]
[WhiteElo "2322"]
[BlackElo "2409"]
[Annotator "TA"]
[PlyCount "88"]
[EventDate "2022.06.24"]
[EventType "team-tourn"]
[EventCountry "POL"]
[SourceTitle "playchess.com"]
[Source "ChessBase"]
[SourceQuality "1"]
[TimeControl "40/5400+30:1800+30"]

1. Nc3 c5 2. e4 d6 3. d4 cxd4 4. Qxd4 Nc6 5. Qd2 g6 6. b3 {[%emt 0:00:05] B23: Closed Sicilian: Lines without g3.} Bh6 7. f4 Nf6 8. Bb2 e5 9. g3 O-O 10. O-O-O Re8 11. Bg2 Bg4 12. Bf3 Bxf3 13. Nxf3 exf4 {[%emt 0:00:06] [#]} 14. Rde1 $146 (14. Rhe1 $1 $11) ({Predecessor:} 14. Rhe1 Ne5 15. Nd4 d5 16. exd5 Neg4 17. Rxe8+ Qxe8 18. gxf4 Ne4 19. Nxe4 Qxe4 20. Ne2 {1-0 (32) Lucas,A (2299)-Del Prado Rodriguez,X (2149) Barcelona 2021}) 14... Ne5 (14... a5 $5 ) 15. Rhf1 Nxf3 16. Rxf3 d5 $1 17. Rd3 Qa5 (17... dxe4 $5 18. Nxe4 (18. Rxd8 $2 Rexd8 19. Nd5 Rxd5 $19) 18... Nxe4 19. Rxe4 (19. Rxd8 $2 Rexd8 20. Rxe4 Rxd2 $19) 19... Qc7 20. Rxe8+ Rxe8 $11) 18. e5 d4 $1 19. Rxd4 (19. exf6 {is interesting.} dxc3 20. Rxe8+ Rxe8 21. Bxc3 Qxa2 22. Rd7) 19... Rxe5 20. Rxe5 Qxe5 21. gxf4 Qe7 22. Nd5 Nxd5 23. Rxd5 Bg7 24. Rd7 Bxb2+ $1 25. Kxb2 $11 {[%emt 0:00:03][%mdl 4096] Endgame KQR-KQR} Qf6+ (25... Qe4 {seems wilder.} 26. f5 Qxf5 27. Rxb7 h5) 26. Qd4 (26. Kb1 {with more complications.} Qc6 27. a4 Re8 28. Kb2) 26... Qxd4+ 27. Rxd4 {[%emt 0:00:04] KR-KR} Kg7 28. Rd7 Rb8 29. c4 Kf6 30. b4 Ke6 31. Rc7 h6 $1 32. Kc3 f6 33. c5 Kf5 (33... g5 $11 {remains equal.}) 34. Rf7 (34. b5 $16) 34... a6 35. a4 g5 {[%emt 0:00:52] The position is equal.} 36. fxg5 hxg5 37. Kc4 Ke6 38. Rg7 b5+ 39. Kb3 {[%emt 0:03:00] Black must now prevent Ra7.} Rh8 40. Ra7 Rh3+ 41. Kc2 Rxh2+ 42. Kc3 Rh3+ 43. Kd4 Rh4+ 44. Kc3 Rh3+ {[%emt 0:07:44] Weighted Error Value: White=0.12 (very precise) /Black=0.07 (flawless)} 1/2-1/2

[Event "Polish Youth Ekstraliga 2022"]
[Site "Lublin"]
[Date "2022.06.28"]
[Round "4.26"]
[White "Janeczko, Jakub"]
[Black "Meers, Hubert"]
[Result "1/2-1/2"]
[ECO "B10"]
[WhiteElo "2087"]
[BlackElo "2013"]
[Annotator "RC"]
[PlyCount "51"]
[EventDate "2022.06.24"]
[EventType "team-tourn"]
[EventCountry "POL"]
[SourceTitle "playchess.com"]
[Source "ChessBase"]
[SourceQuality "1"]
[TimeControl "40/5400+30:1800+30"]

1. e4 c6 2. Nf3 d5 3. Nc3 dxe4 4. Nxe4 Nf6 5. Qe2 Nxe4 6. Qxe4 Qd5 7. Qh4 Bf5 8. Bc4 Qd6 9. d3 e6 10. Bf4 Qe7 11. Qg3 Nd7 12. O-O Nf6 13. Nd4 Nh5 14. Qf3 Nxf4 15. Qxf4 Qd6 16. Qxd6 Bxd6 17. Nxf5 exf5 18. Rfe1+ Kf8 19. d4 g6 20. a4 Kg7 21. Re3 Rad8 22. Rae1 Rd7 23. Re8 Rd8 24. R8e3 Rd7 25. Re8 Rd8 26. R8e3 1/2-1/2

[Event "Polish Youth Ekstraliga 2022"]
[Site "Lublin"]
[Date "2022.06.28"]
[Round "4.27"]
[White "Zielonka, Adam"]
[Black "Mulawa, Cyprian"]
[Result "0-1"]
[ECO "B51"]
[WhiteElo "1988"]
[BlackElo "2050"]
[Annotator "NA RC"]
[PlyCount "122"]
[EventDate "2022.06.24"]
[EventType "team-tourn"]
[EventCountry "POL"]
[SourceTitle "playchess.com"]
[Source "ChessBase"]
[SourceQuality "1"]
[TimeControl "40/5400+30:1800+30"]

1. e4 c5 2. Nf3 d6 3. Bb5+ Nd7 4. Ba4 Ngf6 5. O-O g6 6. Re1 Bg7 7. c3 O-O 8. d4 e6 9. Bf4 d5 10. Bd6 Nxe4 11. Bxf8 Qxf8 12. Bxd7 Bxd7 13. Ne5 Be8 14. Nd2 Nf6 15. Qe2 Rd8 16. Nb3 b6 17. Qa6 Qe7 18. a4 {[%emt 0:00:53] [#]} Ne4 (18... c4 $1 $17 19. Nd2 Rb8) 19. f3 {[%emt 0:08:16] [#]} cxd4 $1 20. fxe4 Bxe5 21. cxd4 Bf4 22. Qd3 dxe4 23. Qxe4 Qh4 24. h3 Qg3 25. Qf3 Qxf3 26. gxf3 Bc6 27. Kf2 Bd5 28. Nc1 Rc8 29. Nd3 Bg5 30. Re2 Rc4 31. f4 $17 Bf6 32. Ra3 Bxd4+ 33. Ke1 Bf3 34. Rh2 Bg1 35. Rd2 Be3 36. Rh2 h5 37. h4 Bd5 38. Rc3 Rxa4 39. Ra3 Rxa3 40. bxa3 a5 41. Rh3 Bd4 42. Kd2 b5 43. Nc1 b4 44. Kc2 bxa3 45. Rxa3 Bf6 46. Rxa5 Bxh4 47. Kd3 Be1 48. Ra1 h4 49. Ne2 Bf2 50. Rf1 Bc5 51. Rc1 Be7 52. Nc3 Bg2 53. Ke2 h3 54. Kf2 Bc5+ 55. Kg3 Be3 56. Rd1 Bxf4+ 57. Kf2 Bc6 58. Ne2 Bc7 59. Nd4 Bd5 60. Nf3 h2 61. Nxh2 Bxh2 0-1

[Event "Polish Youth Ekstraliga 2022"]
[Site "Lublin"]
[Date "2022.06.28"]
[Round "4.28"]
[White "Suska, Szymon"]
[Black "Liskiewicz, Jakub"]
[Result "1-0"]
[ECO "A06"]
[WhiteElo "1604"]
[BlackElo "1839"]
[Annotator "NA RC"]
[PlyCount "75"]
[EventDate "2022.06.24"]
[EventType "team-tourn"]
[EventCountry "POL"]
[SourceTitle "playchess.com"]
[Source "ChessBase"]
[SourceQuality "1"]
[TimeControl "40/5400+30:1800+30"]

1. Nf3 d5 2. b3 c5 3. Bb2 Nc6 4. e3 Nf6 5. Bb5 Bd7 6. O-O e6 7. d3 Be7 8. Nbd2 O-O 9. Qe2 a6 10. Bxc6 Bxc6 11. Ne5 Rc8 12. f4 Be8 13. Rf3 Nd7 14. Rg3 Bf6 15. Rf1 b5 16. Nxd7 Bxd7 17. Be5 c4 18. Qh5 cxd3 $2 (18... g6 $2 19. Qh6 Re8 20. Rh3 $18) (18... Bxe5 $11 19. fxe5 f5) 19. Qh6 g6 20. Rh3 Re8 21. Qxh7+ Kf8 22. Bd6+ Re7 23. Qh8+ Bxh8 24. Rxh8+ Kg7 25. Rxd8 Rxd8 26. Bxe7 Re8 27. Bc5 Rc8 28. Bd4+ e5 29. fxe5 dxc2 30. Rc1 Kf8 31. b4 Bf5 32. Bc5+ Ke8 33. Nb3 Kd7 34. Nd4 Be4 35. Nxc2 a5 36. a3 axb4 $18 37. axb4 Ra8 38. Ra1 1-0

[Event "Polish Youth Ekstraliga 2022"]
[Site "Lublin"]
[Date "2022.06.28"]
[Round "4.29"]
[White "Zabrzanska, Weronika"]
[Black "Rejniak, Zuzanna"]
[Result "1/2-1/2"]
[ECO "B22"]
[WhiteElo "1882"]
[BlackElo "1804"]
[Annotator "NA RC"]
[PlyCount "118"]
[EventDate "2022.06.24"]
[EventType "team-tourn"]
[EventCountry "POL"]
[SourceTitle "playchess.com"]
[Source "ChessBase"]
[SourceQuality "1"]
[TimeControl "40/5400+30:1800+30"]

1. e4 c5 2. c3 Nf6 3. e5 Nd5 4. Nf3 e6 5. d4 cxd4 6. cxd4 d6 7. Bc4 Nc6 8. O-O Be7 9. Qe2 O-O 10. Nc3 Nxc3 11. bxc3 dxe5 12. dxe5 Qa5 13. Bd2 Bd7 14. Bd3 f5 15. exf6 Bxf6 16. Bxh7+ Kxh7 17. Qd3+ Qf5 18. Qxd7 Rab8 19. Rae1 Ne5 $16 20. Nxe5 Bxe5 21. Qa4 Rbd8 22. Qh4+ Kg8 23. f4 Bxc3 24. Bxc3 Qc5+ 25. Qf2 Qxc3 26. Qxa7 Qd4+ 27. Qxd4 Rxd4 28. Rxe6 Rdxf4 29. Rxf4 Rxf4 30. Re3 Ra4 31. a3 Rf4 32. Re8+ Kh7 33. Re3 Kg8 34. Rb3 Ra4 35. Kf2 b5 36. h3 Kf7 37. Ke3 Ke6 38. Kd3 Kd6 39. Kc2 Kc6 40. Rg3 Ra7 41. Kb3 Kb6 42. Re3 Ka5 43. h4 Rf7 44. Re5 Rf4 45. Rg5 Rxh4 46. Rxg7 Re4 47. Rg3 Re2 48. Rg8 Re3+ 49. Kc2 Rxa3 50. Ra8+ Kb4 51. Rxa3 Kxa3 52. g4 Ka2 53. g5 b4 54. g6 b3+ 55. Kc3 b2 56. g7 b1=Q 57. g8=Q+ Ka1 58. Qa8+ Qa2 59. Qxa2+ Kxa2 1/2-1/2

[Event "Polish Youth Ekstraliga 2022"]
[Site "Lublin"]
[Date "2022.06.28"]
[Round "4.30"]
[White "Dabrowska, Ewa"]
[Black "Polakiewicz, Blanka"]
[Result "0-1"]
[ECO "B40"]
[WhiteElo "1133"]
[BlackElo "1151"]
[Annotator "NA RC"]
[PlyCount "110"]
[EventDate "2022.06.24"]
[EventType "team-tourn"]
[EventCountry "POL"]
[SourceTitle "playchess.com"]
[Source "ChessBase"]
[SourceQuality "1"]
[TimeControl "40/5400+30:1800+30"]

1. e4 c5 2. Nf3 e6 3. c3 Nf6 4. d4 Nxe4 5. d5 Be7 6. Be3 b6 7. Qd3 Nf6 8. dxe6 dxe6 9. Na3 Qxd3 10. Bxd3 a6 11. Nc4 Bb7 12. Nxb6 Ra7 13. Be2 Bc6 14. Rd1 Bb5 15. Bxb5+ axb5 16. Nc8 Rc7 17. Nxe7 Kxe7 18. Bf4 Rd7 19. O-O Rxd1 20. Rxd1 Nd5 21. Bg3 Nc6 22. Ne5 Nxe5 23. Bxe5 f6 24. Bg3 Rd8 25. f3 Nb6 26. Rxd8 Kxd8 27. Bf2 Na4 28. a3 c4 29. Kf1 Nxb2 30. Bc5 Nd3 31. Bb4 Nxb4 32. axb4 Kd7 33. Ke2 Kd6 34. g3 g5 35. h3 h5 36. f4 gxf4 37. gxf4 f5 38. h4 e5 39. fxe5+ Kxe5 40. Ke3 f4+ 41. Kf3 Kf5 42. Kf2 Ke4 43. Ke2 f3+ 44. Kd2 Kf4 45. Kd1 Kg3 46. Ke1 Kg2 47. Kd2 f2 48. Ke3 f1=Q 49. Ke4 Qd1 50. Ke5 Kf3 51. Ke6 Kf4 52. Ke7 Kf5 53. Kf8 Qd7 54. Kg8 Kg6 55. Kh8 Qg7# 0-1

[Event "Polish Youth Ekstraliga 2022"]
[Site "Lublin"]
[Date "2022.06.29"]
[Round "5.1"]
[White "Baum, Jonasz"]
[Black "Czopor, Maciej"]
[Result "0-1"]
[ECO "D27"]
[WhiteElo "2409"]
[BlackElo "2425"]
[Annotator "TA"]
[PlyCount "102"]
[EventDate "2022.06.24"]
[EventType "team-tourn"]
[EventCountry "POL"]
[SourceTitle "playchess.com"]
[Source "ChessBase"]
[SourceQuality "1"]
[TimeControl "40/5400+30:1800+30"]

1. d4 d5 2. Nf3 Nf6 3. c4 dxc4 4. e3 e6 5. Bxc4 c5 6. O-O a6 7. e4 cxd4 {[%emt 0:17:18] D27: Queen's Gambit Accepted: Classical main line: 7 e4!? and 7 a4.} 8. e5 Nfd7 9. Qxd4 Nc6 {[%emt 0:02:09] White has an edge.} 10. Qe4 Qc7 11. Bf4 Nc5 {[%emt 0:04:24] [#]} (11... b5 $1 $11 {was preferrable.} 12. Be2 Bc5) 12. Qc2 $146 (12. Qe3 $14) ({Predecessor:} 12. Qe3 Bd7 13. Nc3 b5 14. Be2 b4 15. Ne4 Nxe4 16. Qxe4 a5 17. Rac1 Rc8 18. Rfd1 {1-0 (52) Kretov,E (2269)-Belenkaya,D (2293) Chess.com INT 2021}) 12... b5 $11 13. Be2 Nb4 14. Qc1 (14. Qd2 {is interesting.} Ne4 15. Qd4 Bc5 16. Qxe4 Bb7 17. Bxb5+ axb5 18. Qe2) 14... Bb7 15. a3 Nd5 (15... Bxf3 {keeps more tension.} 16. Bxf3 Nbd3 17. Qc2 Rc8) 16. Nc3 {[%emt 0:04:31] [#] Black must now prevent Nxd5.} Rc8 {[%emt 0:08:39] aiming for ...Nb3.} 17. Nxd5 Bxd5 18. b4 Na4 19. Qe3 Qb7 20. Rac1 Rxc1 21. Rxc1 h6 22. Nd4 Be7 (22... g5 $5 23. Bg3 Be7 $14) 23. Bf3 ({White should play} 23. Qg3 $11 g5 24. Be3) 23... Bxf3 $15 24. Qxf3 Qxf3 25. Nxf3 Kd7 {[%emt 0:00:36] Against Rc8} 26. Rd1+ Kc7 {[%emt 0:01:48] Black keeps a firm grip on the game.} 27. Kf1 Rd8 28. Rxd8 Bxd8 $17 {[%emt 0:00:17][%mdl 4096] Endgame KBN-KBN} 29. Nd4 Nb2 30. Ke2 Nc4 31. Nc2 (31. Bg3 $17) 31... Kc6 32. Kd3 Bb6 33. Bg3 (33. Ke4 {was worth a try.}) 33... Kd5 $19 34. f4 g5 35. Kc3 Ne3 36. Ne1 Ke4 37. fxg5 hxg5 38. Nf3 Nd5+ 39. Kb3 (39. Kc2 $142 Ne3+ 40. Kc3) 39... Be3 40. h3 Ne7 41. Be1 Nc6 42. Bc3 Kd3 43. Ne1+ {[%emt 0:01:27] [#]} Ke2 $1 44. Kc2 (44. Nf3 $142) 44... Nxe5 {[%emt 0:03:00] Black is clearly winning.} 45. Bxe5 (45. Kb3 $142 Nc4 46. Nc2) 45... Kxe1 {[%emt 0:00:03] KB-KB} 46. Kd3 Kf2 47. g3 Kf3 {[%emt 0:02:57] And now ...f5 would win.} 48. h4 gxh4 49. gxh4 Bc1 50. Bf6 Kg4 51. Kc3 Be3 {[%emt 0:00:47] Weighted Error Value: White=0.43/Black=0.06 (flawless)} 0-1

[Event "Polish Youth Ekstraliga 2022"]
[Site "Lublin"]
[Date "2022.06.29"]
[Round "5.3"]
[White "Mulawa, Cyprian"]
[Black "Jaworski, Tymon"]
[Result "0-1"]
[ECO "C80"]
[WhiteElo "2050"]
[BlackElo "1628"]
[Annotator "TA"]
[PlyCount "80"]
[EventDate "2022.06.24"]
[EventType "team-tourn"]
[EventCountry "POL"]
[SourceTitle "playchess.com"]
[Source "ChessBase"]
[SourceQuality "1"]
[TimeControl "40/5400+30:1800+30"]

1. e4 e5 2. Nf3 Nc6 3. Bb5 a6 4. Ba4 Nf6 5. O-O Nxe4 6. d4 exd4 7. Re1 d5 8. Nxd4 Bd6 9. Nxc6 Bxh2+ 10. Kh1 ({Much weaker is} 10. Kxh2 Qh4+ 11. Kg1 Qxf2+ 12. Kh1 Qh4+ 13. Kg1 Qf2+ 14. Kh1 Qh4+ 15. Kg1 Qf2+ $11) 10... Qh4 {[%emt 0:01:32] [#] C80: Open Ruy Lopez: Sidelines and 9 Nbd2.} 11. Rxe4+ dxe4 {[%emt 0:00:16] [#]} 12. Qd8+ $1 Qxd8 {[%emt 0:00:16] White is slightly better.} 13. Nxd8+ Kxd8 14. Kxh2 Be6 $1 15. Be3 {[%emt 0:06:40][%mdl 1024] White has compensation.} Ke7 16. Nc3 f5 $1 17. Ne2 (17. g4 $5 ) 17... b5 (17... Bc4 $11 18. Ng3 g6) 18. Bb3 $14 {[%emt 0:01:37] [#]} Rhg8 $146 ({Predecessor:} 18... Bxb3 19. axb3 h6 {½-½ (19) Aldokhin,I (2345)-Slugin,S (2439) Voronezh 2009}) 19. Nd4 Bxb3 20. cxb3 Rgf8 21. Rc1 f4 22. Bd2 Kd7 {[%emt 0:03:38] [#]} 23. b4 (23. Rc5 $1 $16) 23... Rae8 $11 24. Bc3 g5 25. Nb3 g4 26. Nc5+ Kc8 27. Nxa6 Rf7 28. Nc5 h5 29. Re1 e3 30. fxe3 fxe3 (30... Rxe3 $11 31. Rd1 Re2) 31. Nd3 $1 $14 Re4 32. Kg3 Kb8 33. Re2 Rh7 {[%emt 0:01:07] [#]} (33... Rf1 $14) 34. Bf6 (34. Kh4 $1 $16) 34... Rd7 $1 35. Nf4 (35. Nc1 $14) 35... Rd2 $11 36. Re1 Rf2 37. Nxh5 {[%emt 0:00:15] This costs White the game.} (37. Bg5 $11 {and White stays safe.}) 37... Rf5 $19 38. Rh1 (38. Kh4 g3+ 39. Kxg3) 38... e2 {[%emt 0:00:18] Threatens to win with ...Rf1.} 39. Bc3 Rf1 40. Nf6 Re3+ {[%emt 0:00:00] Weighted Error Value: White=0.70/Black=0.14 (very precise)} 0-1

[Event "Polish Youth Ekstraliga 2022"]
[Site "Lublin"]
[Date "2022.06.29"]
[Round "5.4"]
[White "Ochedzan, Filip"]
[Black "Suska, Szymon"]
[Result "1/2-1/2"]
[ECO "B06"]
[WhiteElo "1873"]
[BlackElo "1604"]
[Annotator "NA RC"]
[PlyCount "71"]
[EventDate "2022.06.24"]
[EventType "team-tourn"]
[EventCountry "POL"]
[SourceTitle "playchess.com"]
[Source "ChessBase"]
[SourceQuality "1"]
[TimeControl "40/5400+30:1800+30"]

1. e4 d6 2. d4 g6 3. Nc3 Bg7 4. Bg5 a6 5. Nf3 Bg4 6. Be2 Nc6 7. Be3 e5 8. d5 Nce7 9. Nd2 Bd7 10. O-O Nf6 11. Ncb1 O-O 12. c4 Ne8 13. Nc3 f5 14. f4 exf4 15. Bxf4 fxe4 16. Ndxe4 Nf6 17. Qd2 Nf5 18. Rae1 Nxe4 19. Nxe4 Rf7 20. Kh1 Nd4 21. Bd3 (21. Ng5 $5 Rf8 22. Bd3 $14) 21... Bf5 22. Ng5 Rf8 23. Bxf5 Rxf5 24. Rd1 h6 25. Nf3 $15 Nxf3 26. Rxf3 g5 27. Bg3 Rxf3 28. gxf3 Qf6 29. Qe2 Rf8 30. Kg2 Kh8 31. b3 Qg6 32. Qe4 Qf7 33. Re1 Qf6 34. Re2 Qf7 35. Re3 Qf6 36. Re2 1/2-1/2

[Event "Polish Youth Ekstraliga 2022"]
[Site "Lublin"]
[Date "2022.06.29"]
[Round "5.5"]
[White "Rejniak, Zuzanna"]
[Black "Lochina, Justyna"]
[Result "1/2-1/2"]
[ECO "B40"]
[WhiteElo "1804"]
[BlackElo "1672"]
[Annotator "NA RC"]
[PlyCount "65"]
[EventDate "2022.06.24"]
[EventType "team-tourn"]
[EventCountry "POL"]
[SourceTitle "playchess.com"]
[Source "ChessBase"]
[SourceQuality "1"]
[TimeControl "40/5400+30:1800+30"]

1. e4 c5 2. Nf3 e6 3. c3 d5 4. exd5 Qxd5 5. d4 Nf6 6. a3 Be7 7. Bd3 Nc6 8. O-O O-O 9. c4 Qd8 10. dxc5 a5 11. Nc3 Bxc5 12. Bg5 h6 13. Bh4 Re8 14. Qe2 Nd4 15. Nxd4 Qxd4 16. Bxf6 Qxf6 17. Ne4 Qe7 18. Nxc5 Qxc5 19. b4 Qa7 20. Qe4 f5 21. Qe5 Bd7 22. Rfe1 b6 23. c5 Qb8 24. Qd4 Rd8 25. Bc4 $16 ({But not} 25. cxb6 {[#]} Bb5 $1 26. Qc5 Bxd3 $15) 25... axb4 26. axb4 Rxa1 27. Rxa1 bxc5 28. bxc5 Bc6 29. Bxe6+ Kh8 30. Qc3 Qf4 31. Qg3 Qd4 32. Re1 Qxc5 33. h3 1/2-1/2

[Event "Polish Youth Ekstraliga 2022"]
[Site "Lublin"]
[Date "2022.06.29"]
[Round "5.6"]
[White "Smietanska, Wiktoria"]
[Black "Walewska, Natalia"]
[Result "1-0"]
[ECO "C88"]
[WhiteElo "1879"]
[BlackElo "1179"]
[Annotator "NA RC"]
[PlyCount "77"]
[EventDate "2022.06.24"]
[EventType "team-tourn"]
[EventCountry "POL"]
[SourceTitle "playchess.com"]
[Source "ChessBase"]
[SourceQuality "1"]
[TimeControl "40/5400+30:1800+30"]

1. e4 e5 2. Nf3 Nc6 3. Bb5 a6 4. Ba4 Nf6 5. O-O Be7 6. Re1 b5 7. Bb3 O-O 8. a4 Bb7 9. d3 d6 10. Nbd2 h6 {[%emt 0:01:32] 10...Nd7 is setting a new trend.} 11. Nf1 Kh7 12. c3 {[%emt 0:02:04] [#]} g6 $146 ({Predecessor:} 12... Ng8 13. d4 Bf6 14. Ne3 Nce7 15. Bc2 Kh8 16. h4 Ng6 17. g3 Re8 18. h5 Nf8 19. axb5 exd4 20. Nxd4 Bxd4 21. cxd4 Bxe4 22. Bxe4 Rxe4 23. bxa6 {0-1 (39) Oriot,P (1954)-Saucey,C (1872) France 2012}) 13. d4 Kg7 14. Bc2 Re8 15. Ng3 Bf8 16. d5 ({Don't do} 16. Qd2 Kg8 $14) 16... Nb8 17. Bd3 Qd7 18. Qb3 bxa4 $2 19. Qxb7 Nc6 20. Qxc6 Qe7 21. Rxa4 a5 22. b4 Rab8 23. bxa5 Rec8 24. Ba6 Rd8 25. Bb7 Nd7 26. Be3 Nc5 $18 27. Bxc5 dxc5 28. a6 Rd6 29. Qxc5 Rb6 30. Qxe7 Bxe7 31. Nxe5 R6xb7 32. axb7 Rxb7 33. Nc6 Bc5 34. Rc4 Bd6 35. e5 Bf8 36. e6 fxe6 37. dxe6 Bd6 38. e7 Bxe7 39. Rxe7+ 1-0

[Event "Polish Youth Ekstraliga 2022"]
[Site "Lublin"]
[Date "2022.06.29"]
[Round "5.7"]
[White "Dzida, Kamil"]
[Black "Poltorak, Sebastian"]
[Result "0-1"]
[ECO "B00"]
[WhiteElo "2294"]
[BlackElo "2322"]
[Annotator "TA"]
[PlyCount "62"]
[EventDate "2022.06.24"]
[EventType "team-tourn"]
[EventCountry "POL"]
[SourceTitle "playchess.com"]
[Source "ChessBase"]
[SourceQuality "1"]
[TimeControl "40/5400+30:1800+30"]

1. e4 Nc6 2. Nf3 f5 3. exf5 d5 4. Bb5 Bxf5 5. O-O Qd6 6. d4 O-O-O {[%emt 0:02:01] [#]} 7. Nc3 $146 {[%emt 0:03:18] B00: Queen's Fianchetto Defence, Nimzowitsch Defence.} ({Predecessor:} 7. Bxc6 Qxc6 8. Ne5 Qf6 9. c3 e6 10. Re1 Bd6 11. Nd2 g5 12. Qa4 a6 13. b4 Bxe5 14. dxe5 Qg6 15. b5 Bc2 16. Qa5 Qd3 17. a4 d4 18. cxd4 Qxd4 19. Ra3 Qb6 20. Qxb6 cxb6 21. Rc3+ {1-0 (21) Gritsenko,N (2309)-Kiltti,J (2199) Chess.com INT 2021}) 7... h6 8. Re1 e6 9. Ne5 {[%emt 0:15:39] White is better.} Nxe5 10. Rxe5 ({Much weaker is} 10. dxe5 Qb6 11. Bd3 Bc5 $11) (10. Bf4 $1 $14) 10... c6 11. Bd3 Qd7 12. a4 Bd6 13. Re1 Nf6 14. a5 Rhf8 15. h3 g5 16. Na4 Rde8 17. Nc5 Bxc5 18. dxc5 Bxd3 19. Qxd3 a6 $1 20. b4 e5 $1 21. Bb2 e4 22. Qe3 (22. Qe2 $11 {remains equal.}) 22... g4 (22... Nh5 $17) 23. Qxh6 {[%emt 0:05:39] [#]} Qf5 (23... Ng8 $1 $17 24. Qe3 gxh3 25. Qxh3 Qxh3 26. gxh3 Ne7) 24. Qh4 gxh3 {[%emt 0:01:42][%mdl 64] Remove Defender} 25. Qxh3 Ng4 ({Black should play} 25... Qxh3 $15 26. gxh3 Nh7) 26. Bd4 $2 {[%emt 0:05:18] [#] This move loses the game for White.} (26. f3 $1 $11 exf3 27. Rxe8+ Rxe8 28. gxf3) 26... Re6 $1 $19 {[%emt 0:03:42] Threatens to win with ...Rh6.} 27. f3 exf3 28. Qxf3 Qxf3 29. gxf3 Rg6 {[%emt 0:00:04][%cal Og4h2] Hoping for ...Nh2+!} 30. Re7 $2 (30. fxg4 Rxg4+ 31. Kh2 Rxd4 32. c3 Rd2+ 33. Kh1) 30... Ne3+ 31. Kf2 Nf5 {[%emt 0:00:03] Weighted Error Value: White=0.53/Black=0.16 (very precise)} 0-1